AoeStats
← oreg5

Glade

510416845Analyzed
1v1 RM · 21h ago on Sep 30, 2026· 53m 33s· 2 players
Game mode
Random Map
Map size
Tiny (2 player)
Population
200
Speed
Normal
Resources
Standard
Victory
Conquest
Starting age
Dark Age
Ending age
Imperial Age
RankedLock teamsTeams togetherTeam positionsShared explorationLock speedFull tech treeHidden civsTurbo modeCheats
Victory
Defeat
🇬🇮 Georgians · Gibraltar
857
+15
🇺🇸 Vietnamese · United States
829
-15
oreg5
10:40 Feudal Age
10:43 Man-at-Arms
11:10 Arson
21:01 Forging
23:52 Castle Age
25:39 Long Swordsman
35:32 Double-Bit Axe
35:33 Horse Collar
35:47 Gold Mining
37:23 Squires
46:32 Heavy Plow
46:46 Bow Saw
47:10 Fletching
47:27 Scale Mail Armor
48:03 Iron Casting
49:57 Wheelbarrow
49:43 Chain Mail Armor
50:04 Iron Casting
51:37 Hand Cart
51:16 Pikeman
Hasdrubal
9:37 Feudal Age
9:23 Loom
10:25 Double-Bit Axe
12:03 Horse Collar
14:49 Man-at-Arms
22:01 Castle Age
21:40 Fletching
22:18 Crossbowman
25:39 Bow Saw
27:59 Bodkin Arrow
37:29 Heavy Plow
39:43 Ballistics
46:15 Imperial Age
45:43 Scale Barding Armor
45:48 Forging
46:46 Murder Holes
49:14 Crop Rotation
49:49 Chain Barding Armor
52:12 Iron Casting
52:55 Hoardings
54:11 Plate Barding Armor
Connection lost

Rejoining the realm…

Still unreachable

The connection could not be restored.

Session expired

The server has moved on; the page needs a fresh start.